 Dungeon Crawl Stone Soup version 0.24-a0-170-gd8427f5 (webtiles) character file.

Game seed: 4285971554189171454

493 Borgoz the Cutter (level 7, 0/63 HPs)
             Began as a Gargoyle Gladiator on Mar 8, 2019.
             Slain by an orc
             ... wielding a +0 trident
              (3 damage)
             ... on level 4 of the Dungeon.
             The game lasted 00:05:04 (3036 turns).

Borgoz the Cutter (Gargoyle Gladiator)              Turns: 3036, Time: 00:05:05

Health: 0/63       AC: 23    Str: 18    XL:     7   Next: 15%
Magic:  7/7        EV:  2    Int: 10    God:
Gold:   163        SH:  0    Dex: 16    Spells: 6/6 levels left

rFire    + . .     SeeInvis +   n - +2 short sword (speed)
rCold    + . .     Gourm    .   (no shield)
rNeg     + + +     Faith    .   (armour currently unavailable)
rPois    ∞         Spirit   .   (helmet currently unavailable)
rElec    +         Reflect  .   (cloak currently unavailable)
rCorr    +         Harm     .   (gloves currently unavailable)
MR       .....     NoTele   +   (boots currently unavailable)
Stlth    +++.......             (no amulet)
HPRegen  0.20/turn              g - ring of flight
MPRegen  0.10/turn              (no ring)

@: agile, tree-form, resistant
A: see invisible, negative energy resistance 1, petrification resistance, rot
immunity, AC +4
a: no special abilities


You were on level 4 of the Dungeon.
You were not hungry.
You were a tree.
You visited 1 branch of the dungeon, and saw 4 of its levels.

You collected 163 gold pieces.

Inventory:

Hand Weapons
 a - a +0 rapier
 n - a +2 short sword of speed (weapon)
Missiles
 d - 3 throwing nets (quivered)
Armour
 b - a +0 leather armour (melded)
 i - a +0 pair of gloves (melded)
Jewellery
 g - a ring of flight (left branch)
Scrolls
 e - 3 scrolls of enchant weapon {unknown}
 h - a scroll of identify {unknown}
 j - a scroll of teleportation {unknown}
 k - a scroll of magic mapping {unknown}
 l - a scroll of noise {unknown}
 m - a scroll of random uselessness {unknown}
 t - a scroll of amnesia {unknown}
Potions
 p - a potion of curing
 r - 2 potions of mutation
Comestibles
 f - 4 rations


   Skills:
 + Level 3.8 Fighting
 * Level 4.6 Short Blades
 - Level 1.7 Throwing
 + Level 3.0 Armour
 + Level 3.4 Dodging
 + Level 3.3 Stealth


You had 6 spell levels left.
You didn't know any spells.
Your spell library was empty.

Dungeon Overview and Level Annotations

Branches:
Dungeon (4/15)             Temple (0/1) D:4

Altars:
Nemelex Xobeh
Trog
Uskayaw
Yredelemnul


Innate Abilities, Weirdness & Mutations

You are resistant to torment.
((Your stone body is resilient. (AC +4)))
You are immune to poison.
You resist negative energy. (rN+)
((You are resistant to electric shocks. (rElec)))
((You can survive without breathing.))
You are immune to petrification.
You are immune to rotting.
((You have a pair of small horns on your head.))
You have supernaturally acute eyesight. (SInv)


Message History

The orc is severely wounded.
The orc hits you from afar with a +0 trident.
* * * LOW HITPOINT WARNING * * *
You hit the orc but do no damage.
The orc is severely wounded.
The orc hits you.
* * * LOW HITPOINT WARNING * * *
You puncture the orc!
You kill the orc!
The orc hits you but does no damage.
You hit the orc.
The orc is moderately wounded.
The orc hits you but does no damage. The orc barely misses you.
You hit the orc.
The orc is heavily wounded.
You hit the orc but do no damage.
The orc is heavily wounded.
The orc hits you but does no damage.
The orc hits you from afar with a +0 trident.
You die...

#._.#######......##......
....##...##....##....#...
.........##..#.##..##....
.........###.#....##.....
..#...#.##...............
..#..........#..((.......
....##......##..#o†..[...
.#..##......###.#oo.##...
.#........#...#.♣#.......
..........##....)#.?.....
#........###..#......o...
#........##...#..#...>...
...#..#..... .#..##......
......##..# ##.. .(...o
.......... ... ##....
........(. ..# ..
..........


You could see 3 orcs.

Vanquished Creatures
  An ogre (D:4)
  An orc priest (D:4)
  An iguana (D:4)
  An orc wizard (D:4)
  Natasha (thrice) (D:2)
  A worker ant (D:4)
  2 hound skeletons (D:4)
  Robin (D:2)
  4 gnolls
  9 adders
  A worm (D:3)
  A dart slug (D:2)
  3 leopard geckos
  2 orcs (D:4)
  A ball python (D:2)
  4 giant cockroaches
  2 gnoll zombies (D:3)
  15 goblins
  5 hobgoblins
  A quokka (D:3)
  5 bats
  4 frilled lizards
  3 kobolds
  6 rats
77 creatures vanquished.

Notes
Turn   | Place    | Note
-------+----------+-------------------------------------------
     0 | D:1      | Borgoz the Gargoyle Gladiator began the quest for the Orb.
     0 | D:1      | Reached XP level 1. HP: 12/12 MP: 1/1
   384 | D:1      | Reached XP level 2. HP: 10/18 MP: 2/2
   512 | D:1      | Reached skill level 3 in Short Blades
   513 | D:1      | Reached skill level 1 in Stealth
   948 | D:2      | Reached XP level 3. HP: 16/22 MP: 3/3
   967 | D:2      | Reached skill level 1 in Armour
   981 | D:2      | Reached XP level 4. HP: 11/27 MP: 4/4
  1273 | D:2      | Found a hide-covered altar of Uskayaw.
  1332 | D:2      | Noticed a +0 hand axe
  1332 | D:2      | Noticed a +0 hand axe
  1341 | D:2      | Noticed Natasha
  1355 | D:2      | Killed Natasha
  1355 | D:2      | Reached XP level 5. HP: 28/32 MP: 5/5
  1368 | D:2      | Noticed Robin
  1423 | D:2      | Noticed Natasha
  1433 | D:2      | Killed Natasha
  1512 | D:2      | Gained mutation: You have a pair of small horns on your
                  | head. [potion of mutation]
  1512 | D:2      | Gained mutation: You have supernaturally acute eyesight.
                  | (SInv) [potion of mutation]
  1573 | D:2      | Killed Robin
  1606 | D:2      | Noticed Natasha
  1619 | D:2      | Killed Natasha
  1619 | D:2      | Reached skill level 4 in Short Blades
  1619 | D:2      | Reached XP level 6. HP: 23/37 MP: 6/6
  2192 | D:3      | Found a sparkling altar of Nemelex Xobeh.
  2381 | D:3      | Found a basalt altar of Yredelemnul.
  2896 | D:4      | Found a staircase to the Ecumenical Temple.
  2965 | D:4      | Found a bloodstained altar of Trog.
  2984 | D:4      | Noticed a phantom
  3021 | D:4      | Reached XP level 7. HP: 5/42 MP: 7/7
  3032 | D:4      | HP: 2/63 [orc (2)]
  3036 | D:4      | Slain by an orc

Levels and vault maps discovered:
D:1:      roderic_octagonal_star, layout_basic, serial_glass, glass_columns_b,
          glass_columns_a
D:2:      layout_rooms, dancing_weapons_uskayaw, uniq_natasha, uniq_robin
D:3:      layout_basic, lemuel_zombie_altar_yredelemnul,
          nemelex_spade_bored_becter
D:4:      layout_cave_pools, bloody_trog, minmay_temple_entry_drinking_statues

Skill      XL: |  1  2  3  4  5  6  7 |
---------------+----------------------+-----
Short Blades   | 3 4 |  4.6
Stealth        | 1 2 3 |  3.3
Armour         | 1 2 3 |  3.0
Fighting       | 3 |  3.8
Dodging        | 3 |  3.4
Throwing       | |  1.7

Action                   |  1- 3 |  4- 6 |  7- 9 || total
-------------------------+-------+-------+-------++-------
Melee: Rapier            |    24 |       |       ||    24
       Short sword       |    38 |   244 |    15 ||   297
       Headbutt          |       |    18 |       ||    18
  Use: Potion            |       |    10 |       ||    10
 Stab: Sleeping          |       |     7 |       ||     7
  Eat: Chunk             |       |     7 |       ||     7
Armor: Leather armour    |    14 |    80 |       ||    94
       Skin              |       |     7 |    15 ||    22
Dodge: Dodged            |    31 |   156 |     1 ||   188

Table legend:
 A = Non-vault XP
 B = Vault XP
 C = Vault XP percentage of total XP
 D = Non-vault monster count
 E = Vault monster count
 F = Vault count percentage of total count
                 A         B        C        D         E       F
            +---------+---------+-------+---------+---------+-------
      Total |     626 |      79 |  11.2 |      62 |      15 |  19.5
            +---------+---------+-------+---------+---------+-------
        D:1 |      29 |       0 |   0.0 |      10 |       0 |   0.0
        D:2 |     218 |      75 |  25.6 |      28 |      13 |  31.7
        D:3 |      29 |       4 |  12.1 |      10 |       2 |  16.7
        D:4 |     350 |       0 |   0.0 |      14 |       0 |   0.0
            +---------+---------+-------+---------+---------+-------
